 Dungeon Crawl Stone Soup version 0.23-a0-644-gb60d84b (webtiles) character file.

6952 zishaf the Grappler (level 10, -6/150 HPs)
             Began as a Troll Hunter on Jan 1, 2019.
             Was a Believer of Qazlal.
             Mangled by an orc warrior (11 damage)
             ... in a bailey on Jan 2, 2019.
             The game lasted 00:15:49 (7001 turns).

zishaf the Grappler (Troll Hunter)                  Turns: 7001, Time: 00:15:50

Health: -6/150     AC: 25    Str: 22    XL:     10   Next: 80%
Magic:  5/12       EV:  1    Int:  7    God:    Qazlal [**....]
Gold:   382        SH: 13    Dex: 17    Spells: 9/9 levels left

rFire    . . .     SeeInvis .     - Unarmed
rCold    . . .     Gourm    +   i - +0 shield
rNeg     + + +     Faith    .   (armour currently unavailable)
rPois    +         Spirit   .   (helmet currently unavailable)
rElec    .         Reflect  .   (cloak currently unavailable)
rCorr    .         Harm     .   (gloves unavailable)
MR       .....     NoTele   +   (boots unavailable)
Stlth    +.........             y - amulet of regeneration
HPRegen  1.15/turn              h - +4 ring of evasion
MPRegen  0.13/turn              n - +4 ring of dexterity

@: tree-form
A: large, unfitting armour, fast metabolism 3, gourmand, regeneration 1
a: Upheaval, Renounce Religion


You were in a bailey.
You worshipped Qazlal.
Qazlal was pleased with you.
You were completely stuffed.
You were a tree.
You visited 2 branches of the dungeon, and saw 10 of its levels.
You also visited: Ossuary and Bailey.

You collected 382 gold pieces.

Inventory:

Hand Weapons
 a - a +3 blowgun
Missiles
 c - 5 large rocks
 d - 6 throwing nets
 k - 29 poisoned needles
 t - 4 tomahawks (quivered)
 H - 6 needles of frenzy
Armour
 b - a +0 robe
 i - a +0 shield (worn)
 s - a +1 cloak (melded)
 C - a +2 robe of magic resistance (melded)
Jewellery
 g - a +2 ring of protection
 h - a +4 ring of evasion (left branch)
 n - a +4 ring of dexterity (right branch)
 r - an uncursed ring of protection from fire
 y - an amulet of regeneration (around neck)
 F - a +4 ring of evasion
Wands
 j - a wand of enslavement (16)
 x - a wand of paralysis (9)
Scrolls
 l - 2 scrolls of fear
 q - 9 scrolls of teleportation
 v - 3 scrolls of fog
 z - 2 scrolls of immolation
 A - 3 scrolls of enchant armour
 B - a scroll of amnesia
 E - 4 scrolls of remove curse
 J - a scroll of blinking
 K - 2 scrolls of torment
Potions
 e - 9 potions of curing
 o - 3 potions of agility
 p - 2 potions of haste
 u - 2 potions of lignification
 w - a potion of ambrosia
 D - a potion of brilliance
 G - a potion of flight
 L - a potion of mutation {unknown}
Comestibles
 f - 12 rations
 m - a chunk of flesh


   Skills:
 + Level 6.3 Fighting
 - Level 3.6 Throwing
 + Level 6.3 Dodging
 - Level 0.3 Stealth
 * Level 5.3 Shields
 * Level 10.3 Unarmed Combat
 - Level 4.0 Invocations


You had 9 spell levels left.
You didn't know any spells.
Your spell library contained the following spells:

 Spells                   Type           Power        Failure   Level  Hunger
 Beastly Appendage        Tmut           #.....       71%         1    ##.....
 Magic Dart               Conj           #...         71%         1    ##.....
 Summon Small Mammal      Summ           #...         71%         1    ##.....
 Poisonous Vapours        Pois/Air       #.....       83%         2    ###....
 Searing Ray              Conj           #.....       83%         2    ###....
 Sticks to Snakes         Tmut           #.......     83%         2    ###....
 Dazzling Spray           Conj/Hex       #.....       97%         3    ####...
 Spider Form              Tmut/Pois      #.........   97%         3    ####...
 Force Lance              Conj/Tloc      #.......     100%        4    #####..
 Fulminant Prism          Conj/Hex       #.........   100%        4    #####..
 Ice Form                 Ice/Tmut       #.......     100%        4    #####..
 Iskenderun's Mystic Bla  Conj           #.......     100%        4    #####..
 Summon Ice Beast         Ice/Summ       #.......     100%        4    #####..
 Blade Hands              Tmut           #.........   100%        5    ######.


Dungeon Overview and Level Annotations

Branches:
Dungeon (9/15)             Temple (1/1) D:4             Orc (0/2) D:9
   Lair: D:8-11

Altars:
Ashenzari
Cheibriados
Dithmenos
Elyvilon
Fedhas
Gozag
Hepliaklqana
Kikubaaqudgha
Makhleb
Nemelex Xobeh
Okawaru
Qazlal
Ru
Sif Muna
Trog
Uskayaw
Vehumet
Wu Jian
Xom
Yredelemnul
Zin
The Shining One


Innate Abilities, Weirdness & Mutations

You are too large for most types of armour.
((You have claws for hands.))
Your metabolism is lightning-fast.
You like to eat raw meat.
Your natural rate of healing is unusually fast.
((You are covered in fur. (AC +1)))
((You have very tough skin. (AC +2)))


Message History

You turn into a tree.
Your +1 cloak melds into your body.
Your +2 robe of magic resistance melds into your body.
You feel less resistant to hostile enchantments.
Your roots penetrate the ground.
The orc warrior unwields a +0 arbalest.
The orc warrior hits you.
* * * LOW HITPOINT WARNING * * *
You block the orc warrior's attack.
The orc warrior hits you but does no damage.
You miss the orc warrior.
The orc no longer looks unusually strong.
The orc warrior hits you!!
* * * LOW HITPOINT WARNING * * *
The orc warrior hits you but does no damage.
You smack the orc warrior!
The orc warrior is moderately wounded.
The orc warrior no longer looks unusually strong.
The orc warrior hits you with a +0 halberd!
* * * LOW HITPOINT WARNING * * *
The orc warrior hits you!
You die... ### ##∩## #(♣(# #ooo#

≈o≈≈.......≈≈o≈
.oo≈.......≈oo.
≈o≈≈.......≈≈o≈
≈≈≈..#...#..≈≈≈
....##...##....
#### ##∩## ####
###


You could see an orc knight, 4 orc warriors and 2 orcs.

Vanquished Creatures
  Harold (D:7)
  Erica (D:9)
  A two-headed ogre (D:8)
  Pikel (D:4)
  A manticore (D:6)
  A hippogriff (D:6)
  A wraith (Ossuary)
  2 hungry ghosts
  An acid dragon (D:7)
  An ice beast (D:7)
  3 sky beasts
  2 slaves (D:4)
  3 orc warriors
  A phantom (D:6)
  3 ogres
  A black bear (D:7)
  4 centaurs
  2 gnoll sergeants
  5 bullfrogs
  4 scorpions
  A killer bee (D:8)
  3 electric eels (D:9)
  5 crimson imps
  2 bullfrog zombies
  3 hounds
  6 jellies
  2 orc wizards (D:4)
  4 iguanas
  10 worker ants
  A big kobold zombie (Ossuary)
  3 mummies (Ossuary)
  12 gnolls
  6 adders
  A shadow imp (D:7)
  10 oozes
  2 adder skeletons
  4 worms
  A dart slug (D:4)
  5 leopard geckos
  14 orcs
  7 giant cockroaches
  8 goblins
  5 hobgoblins
  17 jackals
  7 quokkas
  A ball python (D:4)
  5 bats
  A frilled lizard (D:2)
  4 goblin zombies (Ossuary)
  3 hobgoblin zombies (Ossuary)
  16 kobolds
  6 kobold zombies (Ossuary)
  2 quokka skeletons (D:4)
  3 rats
219 creatures vanquished.

Vanquished Creatures (others)
  11 toadstools (D:3)
11 creatures vanquished.

Grand Total: 230 creatures vanquished

Notes
Turn   | Place    | Note
-------+----------+-------------------------------------------
     0 | D:1      | zishaf the Troll Hunter began the quest for the Orb.
     0 | D:1      | Reached XP level 1. HP: 19/19 MP: 0/0
   111 | D:1      | Reached skill level 1 in Unarmed Combat
   114 | D:1      | Reached XP level 2. HP: 28/28 MP: 1/1
   275 | D:1      | Reached XP level 3. HP: 35/35 MP: 2/2
   534 | D:2      | Reached skill level 2 in Unarmed Combat
   962 | D:2      | Reached XP level 4. HP: 38/42 MP: 3/3
   975 | D:2      | HP: 1/44 [gnoll/+1 halberd of chopping (2)]
  1299 | D:3      | Reached skill level 3 in Unarmed Combat
  1484 | D:3      | Reached XP level 5. HP: 33/50 MP: 4/4
  1503 | D:3      | Found a glowing golden altar of the Shining One.
  1717 | D:3      | Reached skill level 4 in Unarmed Combat
  1729 | D:3      | Reached XP level 6. HP: 53/59 MP: 5/5
  1824 | D:3      | Found a bloodstained altar of Trog.
  2030 | D:4      | Noticed a slave
  2031 | D:4      | Noticed a slave
  2033 | D:4      | Noticed a slave
  2035 | D:4      | Noticed Pikel
  2041 | D:4      | Killed a slave
  2043 | D:4      | Killed a slave
  2044 | D:4      | Noticed a slave
  2052 | D:4      | Killed Pikel
  2052 | D:4      | Reached skill level 5 in Unarmed Combat
  2052 | D:4      | Reached XP level 7. HP: 44/68 MP: 6/6
  2088 | D:4      | Reached skill level 6 in Unarmed Combat
  2308 | D:4      | Found a staircase to the Ecumenical Temple.
  2344 | Temple   | Entered the Ecumenical Temple
  2418 | Temple   | Became a worshipper of Qazlal Stormbringer
  2589 | D:4      | Reached XP level 8. HP: 52/78 MP: 7/7
  2855 | D:5      | Entered Level 5 of the Dungeon
  3391 | D:5      | Reached skill level 7 in Unarmed Combat
  3478 | D:6      | Found a sand-covered staircase.
  3483 | Ossuary  | Entered an ossuary
  3503 | Ossuary  | Reached * piety under Qazlal
  3912 | D:6      | Reached skill level 1 in Invocations
  4142 | D:6      | Reached skill level 8 in Unarmed Combat
  4226 | D:6      | Reached skill level 5 in Dodging
  4226 | D:6      | Reached XP level 9. HP: 87/87 MP: 9/9
  4271 | D:6      | Reached skill level 5 in Fighting
  4375 | D:6      | Noticed a manticore
  4387 | D:6      | Killed a manticore
  4387 | D:6      | Reached skill level 1 in Shields
  4531 | D:6      | Reached ** piety under Qazlal
  4772 | D:6      | Found a sacrificial altar of Ru.
  4961 | D:7      | Noticed Harold
  4977 | D:7      | Killed Harold
  4977 | D:7      | Reached skill level 9 in Unarmed Combat
  4997 | D:7      | Reached XP level 10. HP: 72/98 MP: 9/11
  5334 | D:7      | Identified the Almanac of Creative Envenoming
  5711 | D:8      | Noticed a two-headed ogre
  5730 | D:8      | Killed a two-headed ogre
  5847 | D:8      | Found a hazy altar of Hepliaklqana.
  6119 | D:8      | Found a hide-covered altar of Uskayaw.
  6122 | D:8      | Found a snail-covered altar of Cheibriados.
  6122 | D:8      | Found an opulent altar of Gozag.
  6133 | D:8      | Found a shadowy altar of Dithmenos.
  6133 | D:8      | Found a sparkling altar of Nemelex Xobeh.
  6640 | D:9      | Reached skill level 10 in Unarmed Combat
  6866 | D:9      | Noticed Erica
  6889 | D:9      | Killed Erica
  6889 | D:9      | Reached skill level 5 in Shields
  6905 | D:9      | Found a flagged portal.
  6986 | Bailey   | Entered a bailey
  6986 | Bailey   | Noticed an orc knight
  7001 | Bailey   | HP: 5/150 [orc warrior/+0 halberd (9)]
  7001 | Bailey   | Mangled by an orc warrior

Vault maps used:
D:1:      mrwooster_arrival_statue
D:3:      cheibrodos_fertilizer, grunt_temple_overflow_open, first_ration
D:4:      minmay_clustersquares, minmay_temple_entry_ruins, uniq_pikel
D:5:      lightli_minifort
D:6:      nicolae_ru_the_path_less_chosen, enter_ossuary_5
D:7:      minmay_small_thing, uniq_harold
D:8:      minmay_skewed_foursquare, minmay_overflow_temple_star_hex, basic_altar
D:9:      enter_bailey_2, small_statue_intersection, uniq_erica
Temple:   jpeg_temple_clearing
Ossuary:  ossuary_kennysheep_city_of_the_dead
Bailey:   bailey_polearm_4, bailey

Skill      XL: |  1  2  3  4  5  6  7  8  9 10 |
---------------+-------------------------------+-----
Unarmed Combat | 1 2 3 4 5 6 8 9 10 | 10.3
Fighting       | 2 3 4 5 6 |  6.3
Dodging        | 2 3 4 5 6 |  6.3
Invocations    | 1 3 4 |  4.0
Shields        | 3 5 |  5.3
Throwing       | |  3.6
Stealth        | |  0.3

Action                   |  1- 3 |  4- 6 |  7- 9 | 10-12 || total
-------------------------+-------+-------+-------+-------++-------
Melee: Unarmed           |    80 |   167 |   274 |   161 ||   682
       Punch             |     1 |     1 |     4 |       ||     6
 Fire: Blowgun           |       |       |     1 |       ||     1
Throw: Tomahawk          |    26 |    22 |    15 |       ||    63
       Large rock        |     2 |       |       |       ||     2
Invok: Upheaval          |       |       |     1 |     4 ||     5
  Use: Scroll            |       |     5 |    13 |     8 ||    26
       Potion            |       |       |       |     1 ||     1
 Stab: Sleeping          |     1 |     1 |     3 |       ||     5
  Eat: Chunk             |    14 |    10 |    28 |    29 ||    81
Armor: Robe              |    32 |    65 |    32 |    16 ||   145
       Skin              |       |       |       |     2 ||     2
Dodge: Dodged            |    50 |    88 |   125 |    54 ||   317
Block: Other             |       |       |     3 |       ||     3
       Shield            |       |       |    44 |    69 ||   113

Table legend:
 A = Non-vault XP
 B = Vault XP
 C = Vault XP percentage of total XP
 D = Non-vault monster count
 E = Vault monster count
 F = Vault count percentage of total count
                 A         B        C        D         E       F
            +---------+---------+-------+---------+---------+-------
      Total |    6035 |    3897 |  39.2 |     161 |      56 |  25.8
            +---------+---------+-------+---------+---------+-------
        D:1 |      42 |       0 |   0.0 |      21 |       0 |   0.0
        D:2 |     114 |       0 |   0.0 |      27 |       0 |   0.0
        D:3 |      51 |     209 |  80.4 |      20 |      19 |  48.7
        D:4 |     268 |     855 |  76.1 |      13 |       5 |  27.8
        D:5 |     215 |     134 |  38.4 |       8 |       4 |  33.3
        D:6 |    2123 |       0 |   0.0 |      26 |       0 |   0.0
        D:7 |    1182 |    1278 |  52.0 |      24 |       3 |  11.1
        D:8 |    1583 |     220 |  12.2 |      13 |       5 |  27.8
        D:9 |     457 |     897 |  66.2 |       9 |       1 |  10.0
    Ossuary |       0 |     301 | 100.0 |       0 |      18 | 100.0
     Bailey |       0 |       3 | 100.0 |       0 |       1 | 100.0
            +---------+---------+-------+---------+---------+-------
